 Dungeon Crawl Stone Soup version 0.30-a0-622-gddc90eaa04 (webtiles) character file.

Game seed: 3627086657282058200

228 bmack86 the Trooper (level 5, 0/48 HPs)
             Began as a Minotaur Fighter on Jan 10, 2023.
             Slain by a gnoll sergeant
             ... wielding a +0 trident
              (5 damage)
             ... on level 3 of the Dungeon.
             The game lasted 00:07:32 (2362 turns).

bmack86 the Trooper (Minotaur Fighter)              Turns: 2362, Time: 00:07:32

Health: 0/48       AC: 10    Str: 23    XL:     5   Next: 70%
Magic:  4/4        EV:  7    Int:  5    God:
Gold:   116        SH:  4    Dex:  9    Spells: 4/4 levels left

rFire   . . .      SeeInvis .    a - +0 war axe
rCold   . . .      Faith    .    c - +0 buckler
rNeg    . . .      Spirit   .    l - +0 chain mail
rPois   .          Reflect  .    (helmet restricted)
rElec   .          Harm     .    (no cloak)
rCorr   +          Rampage  .    e - +0 pair of gloves
Will    .....                    (no boots) Stlth
                                 (no amulet)
HPRegen 0.28/turn                o - ring of resist corrosion
MPRegen 0.09/turn                (no ring)

@: mighty
A: horns 2, retaliatory headbutt
a: no special abilities


You were on level 3 of the Dungeon.
You visited 1 branch of the dungeon, and saw 3 of its levels.
You also visited: Sewer.

You collected 116 gold pieces.

Inventory:

Hand Weapons
 a - a +0 war axe (weapon)
Missiles
 j - 6 poisoned darts (quivered)
Armour
 c - a +0 buckler (worn)
 e - a +0 pair of gloves (worn)
 l - a +0 chain mail (worn)
Jewellery
 o - a ring of resist corrosion (left hand)
Scrolls
 k - 4 scrolls of amnesia
 m - a scroll of immolation {unknown}
 n - a scroll of summoning
 q - a scroll of enchant armour {unknown}
 r - 2 scrolls of identify
 s - 2 scrolls of vulnerability {unknown}
 t - a scroll of teleportation {unknown}
 u - a scroll of enchant weapon {unknown}
Potions
 b - 5 potions of flight
 g - 2 potions of cancellation {unknown}
 i - a potion of haste


   Skills:
 * Level 5.2 Fighting
 * Level 4.3 Axes
 + Level 1.4 Throwing
 + Level 4.4 Armour
 + Level 4.6 Shields


You had 4 spell levels left.
You didn't know any spells.
Your spell library contained the following spells:

 Spells                   Type           Power      Damage    Failure   Level
 Scorch                   Fire           0%         2d5       100%        2
 Dazzling Flash           Conj/Hex       0%         N/A       100%        3
 Flame Wave               Conj/Fire      0%         2d4       100%        4
 Agony                    Necr           0%         N/A       100%        5
 Silence                  Hex/Air        0%         N/A       100%        5
 Summon Cactus Giant      Summ           0%         N/A       100%        6


Dungeon Overview and Level Annotations

Branches:
Dungeon (3/15)              Sewer (visited)

Altars:

Shops:
D:2 [

Annotations:
D:3 Robin


Innate Abilities, Weirdness & Mutations

You have a pair of horns on your head.
You reflexively headbutt those who attack you in melee.


Message History

You closely miss the gnoll sergeant.
A goblin comes into view. It is wielding a +0 club.
The gnoll sergeant closely misses you.
You hit the gnoll sergeant.
The gnoll sergeant is lightly wounded.
You miss the goblin. You block the goblin's attack.
The gnoll sergeant hits you with a +0 trident!
* * * LOW HITPOINT WARNING * * *
The goblin hits you with a +0 dagger.
* * * LOW HITPOINT WARNING * * *
The gnoll sergeant hits you with a +0 trident.
* * * LOW HITPOINT WARNING * * *
You hit the gnoll sergeant. You headbutt the gnoll sergeant.
The gnoll sergeant is moderately wounded.
You hit the hobgoblin. You hit the goblin. You block the goblin's attack.
The hobgoblin hits you but does no damage.
Robin of the Strong Arm comes into view.
They are wielding a +0 trident and carrying a wand of flame (8).
The gnoll sergeant hits you with a +0 trident.
* * * LOW HITPOINT WARNING * * *
You feel better. The goblin hits you but does no damage.
Robin roars a battlecry!
The goblins go into a battle-frenzy!
The hobgoblin hits you but does no damage.
You block the gnoll sergeant's attack.
A goblin comes into view. It is wielding a +0 club.
You hear a shout! x2
You feel very mighty all of a sudden.
You block the goblin's attack. x2; Robin throws the goblin at you!
The gnoll sergeant hits you with a +0 trident!
* * * LOW HITPOINT WARNING * * *
The hobgoblin hits you but does no damage.
You barely miss the gnoll sergeant. You headbutt the gnoll sergeant.
The gnoll sergeant is heavily wounded.
You slash the goblin!
You kill the goblin!
You hit the hobgoblin.
You kill the hobgoblin!
You closely miss the goblin. x2
The gnoll sergeant hits you with a +0 trident.
You die...

# #.# ##.## ***,*,,,,,**, # #.#
#..# *,#,,,,,**, # #.#**###.#
########.#,,,,,**, # #..,.#
#.#####........#,,,,,*,, ######.#
#.#.....#......#,,,,,*,* #......*
#...###†..#*#,,*,,,,,,,*
..###.,**#..##.##†##.##,*,,,,,,**
..#.),,,....#(.)g....=#,,,,,,,,**
..#.######..##..@)...##,***,,,**,
..#.....##...#.gg....#,,**,,****,
.)....#.##.#...........#*,,** *,
#######.##.#...#...#.....,,* *,
.......)##.#g#g#...#.####,,*** *,
#######....#.#.##$##.# *,,,,* *,
....# #.##.#,#,,###,,** *,**,***,
###.###.#**#,*,,,,,,,,***,**,,,,,
,,#.....#,,,,,,,,****,,,,,**,,,**


You could see a gnoll sergeant, Robin and 3 goblins.

Vanquished Creatures
  6 adders
  6 river rats
  5 worms
  3 dart slugs
  10 ball pythons
  5 endoplasms
  8 giant cockroaches
  8 goblins
  8 hobgoblins
  7 jackals
  5 quokkas
  14 bats
  6 frilled lizards
  5 kobolds
  7 rats
103 creatures vanquished.

Notes
Turn   | Place    | Note
-------+----------+-------------------------------------------
     0 | D:1      | bmack86 the Minotaur Fighter began the quest for the Orb.
     0 | D:1      | Reached XP level 1. HP: 19/19 MP: 0/0
   108 | D:1      | Reached XP level 2. HP: 27/27 MP: 1/1
   147 | D:1      | Reached skill level 4 in Fighting
   290 | D:1      | Reached XP level 3. HP: 33/33 MP: 2/2
  1144 | D:2      | Reached XP level 4. HP: 34/41 MP: 3/3
  1329 | D:2      | Found Enlesaix's Armour Emporium.
  1646 | D:3      | Found a glowing drain.
  1652 | Sewer    | Entered a sewer
  1662 | Sewer    | Reached skill level 1 in Throwing
  1846 | Sewer    | Reached XP level 5. HP: 44/47 MP: 4/4
  1910 | Sewer    | Reached skill level 5 in Fighting
  2359 | D:3      | Noticed Robin
  2359 | D:3      | HP: 1/48 [gnoll sergeant/+0 trident (4)]
  2362 | D:3      | Slain by a gnoll sergeant

Illustrated notes

Levels and vault maps discovered:
D:1:      giann_horns, layout_loops_ring, minmay_strange_pillars
D:2:      layout_rooms, serial_shops, nicolae_shop_hallway_plus,
          grunt_ministairs_8
D:3:      layout_basic, lightli_sewer_entry_pipes, minmay_three_crescents,
          uniq_terence, uniq_robin

Skill      XL: |  1  2  3  4  5 |
---------------+----------------+-----
Fighting       | 4 5 |  5.2
Axes           | 3 4 |  4.3
Shields        | 4 |  4.6
Armour         | 4 |  4.4
Throwing       | 1 |  1.4

Action                   |  1- 3 |  4- 6 || total
-------------------------+-------+-------++-------
Melee: War axe           |   103 |   104 ||   207
       Headbutt          |     9 |    11 ||    20
  Use: Scroll            |     2 |     5 ||     7
       Potion            |       |     2 ||     2
Armor: Scale mail        |    33 |       ||    33
       Chain mail        |    35 |   107 ||   142
Dodge: Dodged            |    69 |    64 ||   133
Block: Buckler           |    28 |    47 ||    75

Table legend: (Time is in decaauts)
 A = Elapsed time spent in this place.
 B = Non-inter-level travel time spent in this place.
 C = Inter-level travel time spent in this place.
 D = Time resting spent in this place.
 E = Time spent auto-exploring this place.
 F = Levels seen in this place.
 G = Mean time per level.
                   A        B        C        D        E       F      G
               +--------+--------+--------+--------+--------+-----+--------+
         Total |   2637 |   2577 |     60 |     48 |   1342 |   4 |  659.2 |
       Dungeon |   1835 |   1775 |     60 |      0 |    982 |   3 |  611.7 |
         Sewer |    801 |    801 |      0 |     48 |    359 |   1 |  801.0 |
               +--------+--------+--------+--------+--------+-----+--------+

Top non-repeatable levels by time:
     D:1: 843 daAuts
   Sewer: 801 daAuts
     D:2: 655 daAuts
     D:3: 336 daAuts
